AoeStats
← ignacio.geli

Four Lakes

508262962Analyzed
1v1 RM · 12d ago on Sep 21, 2026· 32m 1s· 2 players
Game mode
Random Map
Map size
Tiny (2 player)
Population
200
Speed
Normal
Resources
Standard
Victory
Conquest
Starting age
Dark Age
Ending age
Imperial Age
RankedLock teamsTeams togetherTeam positionsShared explorationLock speedFull tech treeHidden civsTurbo modeCheats
Victory
Defeat
🇸🇰 Sicilians · Slovakia
847
+14
🇦🇷 Bulgarians · Argentina
802
-14
ignacio.geli
7:38 Loom
9:53 Feudal Age
11:54 Double-Bit Axe
13:03 Horse Collar
17:49 Bloodlines
19:47 Castle Age
17:40 Fletching
19:58 Forging
19:54 Scale Barding Armor
20:46 Husbandry
24:50 Gold Mining
24:54 Stone Mining
26:38 Wheelbarrow
27:13 Bow Saw
27:05 Heavy Plow
27:38 Chain Barding Armor
27:14 Bodkin Arrow
29:00 Gold Shaft Mining
33:37 Imperial Age
Durriii
7:15 Loom
9:47 Feudal Age
10:39 Double-Bit Axe
16:06 Forging
15:59 Scale Mail Armor
16:11 Forging
15:54 Fletching
16:06 Scale Mail Armor
16:17 Forging
15:58 Fishing Lines
16:02 Horse Collar
19:31 Arson
19:10 Man-at-Arms
23:25 Castle Age
22:09 Stone Mining
25:34 Bodkin Arrow
28:51 Squires
28:37 Gambesons
29:32 Gillnets
30:05 Murder Holes
30:23 Masonry
31:57 Ballistics
Connection lost

Rejoining the realm…

Still unreachable

The connection could not be restored.

Session expired

The server has moved on; the page needs a fresh start.